 Dungeon Crawl Stone Soup version 0.17-a0-1778-gd369669 (webtiles) character file.

59 ololoev the Poker (level 3, 0/29 HPs)
             Began as a Draconian Skald on Sept 8, 2015.
             Killed from afar by Natasha (5 damage)
             ... with a magic dart
             ... on level 2 of the Dungeon.
             The game lasted 00:01:57 (1878 turns).

ololoev the Poker (Draconian Skald)                 Turns: 1878, Time: 00:01:58

Health: 0/29       AC:  5    Str: 14    XL:     3   Next: 78%
Magic:  2/6        EV: 12    Int:  9    God:
Gold:   85         SH:  0    Dex: 11    Spells: 2 memorised, 3 levels left

rFire  . . .     SeeInvis .     a - +0 spear
rCold  . . .     Clarity  .     (armour unavailable)
rNeg   . . .     SustAt   .     (no shield)
rPois  .         Gourm    .     n - +0 hat
rElec  .         Spirit   .     (no cloak)
rCorr  .         Warding  .     (no gloves)
rMut   .         Stasis   .     (no boots)
MR     .....                    (no amulet)
Stlth  +.........               (no ring)
                                m - -3 ring of intelligence (curse)

@: not resistant to hostile enchantments, very unstealthy
A: unfitting armour, cold-blooded, AC +5
a: no special abilities


Innate Abilities, Weirdness & Mutations

Your plain brown scales are hard (AC +5).
Your body does not fit into most forms of armour.
You are cold-blooded and may be slowed by cold attacks.

Inventory:

Hand weapons
 a - a +0 spear (weapon)
Armour
 n - a +0 hat (worn)
Jewellery
 m - a cursed -3 ring of intelligence (left hand)
Scrolls
 d - a scroll of fear {unknown}
 e - a scroll of remove curse {unknown}
 f - a scroll of teleportation {unknown}
 h - a scroll of enchant armour {unknown}
 l - a scroll of magic mapping {unknown}
Potions
 i - a potion of heal wounds {unknown}
 j - a potion of ambrosia {unknown}
Books
 b - a book of Battle

   Spells                             Type                      Level
   a - Infusion                       Charms                       1
   b - Shroud of Golubria             Charms/Translocation         2
   c - Song of Slaying                Charms                       2
   d - Spectral Weapon                Hexes/Charms                 3
   e - Regeneration                   Charms/Necromancy            3
Comestibles
 c - 2 bread rations
 g - 2 fruits
 k - a beef jerky


   Skills:
 - Level 2.1 Fighting
 + Level 4.2 Polearms
 - Level 1.3 Dodging
 - Level 2.0 Spellcasting
 - Level 2.6 Charms


You had 3 spell levels left.
You knew the following spells:

 Your Spells              Type           Power        Failure   Level  Hunger
a - Infusion              Chrm           #.....       12%         1    ##.....
b - Song of Slaying       Chrm           #.......     17%         2    ###....


You were on level 2 of the Dungeon.
You were very hungry.

You visited 1 branch of the dungeon, and saw 2 of its levels.

You collected 85 gold pieces.

## ..
...####### #
..h....>.# .
...#####h#
.. ###@# ###
.. #)55# ..
# ###.#.# .#
##.....##.#
##.........#
#...≈≈≈...##
#..≈≈≈≈≈..#
#..≈≈♣≈≈..#
#..≈≈≈≈≈..#

Notes
Turn   | Place    | Note
--------------------------------------------------------------
     0 | D:1      | ololoev the Draconian Skald began the quest for the Orb.
     0 | D:1      | Reached XP level 1. HP: 17/17 MP: 3/3
   348 | D:1      | Reached XP level 2. HP: 11/24 MP: 5/5
   511 | D:1      | Learned a level 2 spell: Song of Slaying
   797 | D:1      | Reached skill level 3 in Polearms
  1079 | D:2      | Reached XP level 3. HP: 19/29 MP: 1/6
  1295 | D:2      | Found a glowing silver altar of Zin.
  1295 | D:2      | Found a deep blue altar of Sif Muna.
  1597 | D:2      | Found a white marble altar of Elyvilon.
  1610 | D:2      | Reached skill level 4 in Polearms
  1860 | D:2      | Noticed Natasha
  1878 | D:2      | Killed from afar by Natasha

Dungeon Overview and Level Annotations

Branches:
Dungeon (2/15)

Altars:
Elyvilon
Sif Muna
Zin

Annotations:
D:2 Natasha


Message History

You start resting.
You barely miss Natasha. Natasha claws you!
You closely miss Natasha. Natasha claws you!
You hit Natasha.
Natasha is heavily wounded.
Natasha hisses.
Natasha closely misses you.
You barely miss Natasha.
Natasha is heavily wounded.
You hit Natasha.
Natasha is heavily wounded.
Your magical infusion is running out.
Natasha claws you.
You closely miss Natasha.
Natasha is heavily wounded.
Natasha casts a spell.
You barely miss Natasha.
Natasha is heavily wounded.
Natasha closely misses you.
You barely miss Natasha.
Natasha is heavily wounded.
Natasha claws you. The iron imp completely misses you.
You hit Natasha.
Your tail-slap misses Natasha.
Natasha is heavily wounded.
Natasha barely misses you. The iron imp barely misses you.
You hit Natasha.
Natasha is almost dead.
Natasha casts a spell.
You closely miss Natasha.
Natasha is almost dead.
The iron imp puffs mist at you. The iron imp barely misses you.
Natasha claws you.
You miss Natasha.
You tail-slap Natasha, but do no damage.
Natasha is almost dead.
You are no longer magically infusing your attacks.
The crimson imp completely misses you. The iron imp hits you.
Natasha casts a spell at you. The magic dart hits you!
You die...

You could see an iron imp, Natasha and a crimson imp.

Vanquished Creatures
  3 adders (D:2)
  An ooze (D:2)
  4 bats
  A giant cockroach (D:1)
  3 hobgoblins
  7 kobolds
  A quokka (D:2)
  3 giant newts (D:2)
  3 goblins
  4 rats
30 creatures vanquished.

Action                   || total
-------------------------++-------
Melee: Spear             ||   128
 Cast: Infusion          ||     3
 Stab: Sleeping          ||     1
  Eat: Chunk             ||     2

Vault maps used:
D:1:      kilobyte_arrival_exit_the_forest
D:2:      elyvilon_altar_3, gammafunk_temple_overflow_statue, first_bread,
          uniq_natasha
